 Dungeon Crawl Stone Soup version 0.18.1-8-gdd0e5ea (webtiles) character file.

29057 georgeearnest the Spear-Bearer (level 13, 0/101 HPs)
             Began as a Demonspawn Monk on June 7, 2016.
             Killed from afar by a fire crab (6 damage)
             ... with a blast of flame
             ... on level 12 of the Dungeon.
             The game lasted 01:00:51 (15361 turns).

georgeearnest the Spear-Bearer (Demonspawn Monk)   Turns: 15361, Time: 01:00:52

Health: 0/101      AC: 27    Str: 18 (23) XL:     13   Next: 13%
Magic:  22/22      EV:  9    Int:  0 (7)  God:    Xom [..*...]
Gold:   717        SH:  0    Dex: 12 (19) Spells: 0 memorised, 12 levels left

rFire  . . .     SeeInvis .     T - +7 lajatang of Peril {flame, MP+9 Str+3}
rCold  + . .     Gourm    .     D - +2 plate armour {rC+}
rNeg   . . .     Faith    +     (shield currently unavailable)
rPois  .         Spirit   .     (no helmet)
rElec  +         Dismiss  .     i - +1 cloak
rCorr  +         Reflect  .     P - +0 pair of gloves {archery}
SustAt .         Harm     .     (no boots)
MR     .....                    g - amulet of faith
Stlth  ..........               w - +4 ring of dexterity
                                o - ring of resist corrosion

@: very slightly contaminated, slowed, lost intelligence, very slow, not
resistant to hostile enchantments, extremely unstealthy
A: claws 1, talons 2, rough black scales 2, blink, deterioration 2, dopey 2,
powered by death 2, screaming 1, shaggy fur 1, electricity resistance, strong 2,
wild magic 1
a: Blink, Renounce Religion


You were on level 12 of the Dungeon.
You worshipped Xom.
You were a toy of Xom.
You were not hungry.

You visited 2 branches of the dungeon, and saw 14 of its levels.
You also visited: Sewer and Ice Cave.

You collected 1761 gold pieces.
You spent 1044 gold pieces at shops.

Inventory:

Hand Weapons
 T - the +7 lajatang of Peril (weapon) {flame, MP+9 Str+3}
   (You found it on level 11 of the Dungeon)

   It has been specially enchanted to burn those struck by it, causing extra
   injury to most foes and up to half again as much damage against particularly
   susceptible opponents.
   Big, fiery blades are also staple armaments of hydra-hunters.
   It affects your strength (+3).
   It affects your magic capacity (+9).
Missiles
 d - 3 tomahawks of returning (quivered)
Armour
 i - a +1 cloak (worn)
 p - the +0 ring mail of Panentheism {*Corrode rC++ MR+ Dex+3}
   (You bought it in a shop on level 5 of the Dungeon)

   It affects your dexterity (+3).
   It greatly protects you from cold.
   It affects your resistance to hostile enchantments.
   It may corrode you when you take damage.
 B - a +0 scale mail of fire resistance
 D - a +2 plate armour of cold resistance (worn)
 P - a +0 pair of gloves of archery (worn)
Jewellery
 g - an amulet of faith (around neck)
 o - a ring of resist corrosion (left hand)
 v - an uncursed ring of stealth
 w - a +4 ring of dexterity (right hand)
 y - an uncursed ring of loudness
 A - an uncursed ring of positive energy
 E - a +2 ring of intelligence
 H - an uncursed ring of protection from cold
 N - an uncursed ring of stealth
Wands
 k - a wand of iceblast (8/15)
 l - a wand of random effects (22/48)
 x - a wand of flame (35/48)
 C - a wand of heal wounds (3/9)
 K - a wand of paralysis (2/24)
 L - a wand of paralysis (12/24)
 Q - a wand of polymorph (2/24)
Scrolls
 a - a scroll of amnesia
 b - 2 scrolls of magic mapping
 f - 6 scrolls of enchant weapon
 h - 5 scrolls of remove curse
 m - 3 scrolls of recharging
 q - 7 scrolls of immolation
 I - a scroll of random uselessness
 O - a scroll of fear
 R - 2 scrolls of teleportation
Potions
 e - 5 potions of magic
 j - a potion of cure mutation {unknown}
 t - 5 potions of flight
Books
 u - a book of Unlife

   Spells                             Type                      Level
   a - Recall                         Summoning/Translocation      3
   b - Animate Dead                   Necromancy                   4
   c - Control Undead                 Necromancy                   4
   d - Cigotuvi's Embrace             Necromancy                   5
   e - Death Channel                  Necromancy                   6
   f - Simulacrum                     Ice/Necromancy               6
 G - a book of Power

   Spells                             Type                      Level
   a - Fulminant Prism                Conjuration/Hexes            4
   b - Iskenderun's Mystic Blast      Conjuration                  4
   c - Venom Bolt                     Conjuration/Poison           5
   d - Bolt of Magma                  Conjuration/Fire/Earth       5
   e - Iron Shot                      Conjuration/Earth            6
   f - Orb of Destruction             Conjuration                  7
   g - Spellforged Servitor           Conjuration/Summoning        7
Miscellaneous
 c - a fan of gales
Comestibles
 r - 10 fruits
 s - 7 slices of pizza
 J - a bread ration


   Skills:
 + Level 9.5 Fighting
   Level 2.9(4.9) Maces & Flails
   Level 10.8(11.5) Polearms
 + Level 6.2(9.6) Staves
 + Level 7.4 Armour
 + Level 10.8 Dodging
 + Level 6.0 Stealth
 - Level 3.9 Unarmed Combat


You had 12 spell levels left.
You didn't know any spells.

Dungeon Overview and Level Annotations

Branches:
Dungeon (12/15)            Temple (0/1) D:5            Lair (0/8) D:10
    Orc (2/2) D:9             Elf (0/3) Orc:2

Altars:
Ashenzari
Elyvilon
Trog
Xom

Shops:
D:4 ?   D:5 [   D:9 [(   D:10 =   Orc:2 :*(


Innate Abilities, Weirdness & Mutations

You have razor-sharp toenails.
You are mostly covered in rough black scales (AC +7, Dex -2).
You regenerate health from kills.
You have sharp fingernails.
You can translocate small distances at will.
Your body often deteriorates upon taking damage.
You are very dopey. (Int -4)
You occasionally shout uncontrollably at your foes.
You are covered in fur (AC +1).
You are resistant to electric shocks.
Your muscles are very strong. (Str +4)
Your spells are a little harder to cast, but a little more powerful.


Message History

You claw the fire crab, but do no damage.
The fire crab is almost dead.
The fire crab bites you.
* * * LOW HITPOINT WARNING * * *
You are engulfed in flames!
* * * LOW HITPOINT WARNING * * *
Xom thinks this is hilarious!
Your body deteriorates!
You feel weakened.
The fire crab claws you but does no damage.
Read which item? (? for menu, Esc to quit)
Blink to where?
Press: ? - help, Dir - move target cursor You are very lightly contaminated with residual magic.
As you read the scroll of blinking, it crumbles to dust.
Read which item? (? for menu, Esc to quit)
You almost manage to decipher the scroll, but fail in this attempt.
The fire crab breathes flames at you. The blast of flame engulfs you!
You die... "This toy is broken."

##.........###...# #+
#......##+####...##..
#......#....#........
#......#....#........
#......#....#........
#......#....#........
#......#....'........
#......#....#........
########.ยงยง@..#..####..##...
........t######..####'###...
.........#...........(......
.........#..................
.........#.............(.(..
.........###...######+###'##
...........#...# ..........
...........'...# ..........
...........#...# ..........


You could see a fire crab.

Vanquished Creatures
  An orc warlord (Orc:1)
  2 orc high priests (Orc:2)
  A hell hog (D:11)
  A hill giant (D:10)
  An orc knight (Orc:2)
  A harpy (shapeshifter) (D:7)
  A shining eye (Orc:2)
  4 orc sorcerers
  A cyclops (D:12)
  An ice statue (IceCv)
  Maurice (D:11)
  13 polar bears (IceCv)
  A two-headed ogre (Orc:2)
  5 trolls
  A jumping spider (Orc:1)
  3 slime creatures (D:12)
  A two-headed ogre (shapeshifter) (D:10)
  A blink frog (D:9)
  Sigmund (D:4)
  A centaur simulacrum (D:10)
  18 yaks
  A vampire (D:12)
  2 hungry ghosts
  A steam dragon (D:11)
  3 hippogriffs
  2 vampire mosquitoes (D:12)
  8 wargs
  A soldier ant (D:10)
  2 water moccasins
  6 sky beasts
  26 orc warriors
  12 ice beasts
  5 phantoms
  An eye of draining (D:10)
  11 wolves
  11 ogres
  3 centaurs
  2 crocodiles
  2 big kobolds
  Blork the orc (D:4)
  4 giant frogs
  3 scorpions
  5 killer bees (D:10)
  12 wights
  3 electric eels (D:10)
  5 howler monkeys
  4 crimson imps
  2 jellies
  A quasit (D:10)
  11 hounds
  2 centaur skeletons
  12 orc priests
  18 orc wizards
  A giant frog skeleton (D:9)
  6 iguanas
  9 worker ants
  2 sheep (D:10)
  A hound skeleton (D:11)
  A howler monkey skeleton (D:4)
  10 adders
  A river rat (D:10)
  2 shadow imps (D:12)
  4 white imps (D:10)
  A worker ant simulacrum (D:10)
  An ooze (D:5)
  3 adder zombies
  2 adder skeletons
  3 worms
  2 dart slugs
  2 giant geckos
  64 orcs
  12 bats
  6 giant cockroaches
  7 goblins
  10 hobgoblins
  9 jackals
  4 quokkas
  4 ball pythons
  8 giant newts
  13 kobolds
  A quokka skeleton (D:7)
  10 rats
  2 fungi
443 creatures vanquished.

Vanquished Creatures (collateral kills)
  2 hill giants
  2 polar bears (IceCv)
  2 yaks (D:9)
  2 hungry ghosts
  A human (D:10)
  2 hogs (D:10)
  2 orc warriors (Orc:2)
  2 orc priests (Orc:2)
  2 orc wizards
  9 orcs
26 creatures vanquished.

Vanquished Creatures (others)
  A harpy (D:10)
  An orc warrior (Orc:2)
  3 ice beasts (Orc:1)
  Purgy (Sewer)
  2 orc wizards (Orc:2)
  An ufetubus (D:10)
  4 orcs
  27 fungi
  7 toadstools (D:1)
47 creatures vanquished.

Grand Total: 516 creatures vanquished

Notes
Turn   | Place    | Note
--------------------------------------------------------------
     0 | D:1      | georgeearnest the Demonspawn Monk began the quest for the Orb.
     0 | D:1      | Reached XP level 1. HP: 18/18 MP: 1/1
   465 | D:1      | Gained mutation: You regenerate a little health from kills. [demonic ancestry]
   465 | D:1      | Reached XP level 2. HP: 22/24 MP: 2/2
  1282 | D:2      | Reached XP level 3. HP: 29/29 MP: 3/3
  1386 | D:2      | Reached skill level 1 in Maces & Flails
  1876 | D:3      | Reached XP level 4. HP: 35/35 MP: 4/4
  2581 | D:4      | Gained mutation: You have sharp toenails. [demonic ancestry]
  2581 | D:4      | Reached XP level 5. HP: 37/41 MP: 5/5
  2706 | D:4      | Noticed Blork the orc
  2713 | D:4      | Gained mutation: You are resistant to hostile enchantments. [potion of mutation]
  2713 | D:4      | Gained mutation: Your system is resistant to poisons. [potion of mutation]
  2713 | D:4      | Gained mutation: You are dopey. (Int -2) [potion of mutation]
  2719 | D:4      | Found a shimmering altar of Xom.
  2733 | D:4      | Killed Blork the orc
  2733 | D:4      | Gained mutation: You regenerate health from kills. [demonic ancestry]
  2733 | D:4      | Reached XP level 6. HP: 26/47 MP: 6/6
  2792 | D:4      | Noticed Sigmund
  2794 | D:4      | Became a worshipper of Xom the Psychopath
  2808 | D:4      | XOM: potion effect (might)
  2809 | D:4      | XOM: potion effect (berserk rage)
  2816 | D:4      | Killed Sigmund
  2932 | D:4      | XOM: silly message
  2996 | D:4      | Found a bloodstained altar of Trog.
  2996 | D:4      | Found a white marble altar of Elyvilon.
  3103 | D:4      | Found Tyibb's Magic Scroll Emporium.
  3167 | D:4      | XOM: silly message
  3372 | D:5      | Entered Level 5 of the Dungeon
  3391 | D:5      | Reached skill level 5 in Dodging
  3401 | D:5      | Reached skill level 1 in Polearms
  3401 | D:5      | Gained mutation: You are partially covered in rough black scales (AC +4, Dex -1). [demonic ancestry]
  3401 | D:5      | Reached XP level 7. HP: 54/54 MP: 7/7
  3404 | D:5      | Noticed a hungry ghost
  3409 | D:5      | XOM: summons friendly quasit
  3422 | D:5      | XOM: potion effect (curing)
  3568 | D:4      | XOM: scenery: create altars
  3703 | D:4      | XOM: cast spell 'Summon Horrible Things'
  3705 | D:4      | Killed a hungry ghost
  3762 | D:2      | XOM: give mutations
  3762 | D:2      | Gained mutation: Your spells are a little harder to cast, but a little more powerful. [Xom's grace]
  3762 | D:2      | Gained mutation: You are covered in fur (AC +1). [Xom's grace]
  4093 | D:4      | Gained mutation: Your muscles are strong. (Str +2) [mutagenic meat]
  4124 | D:5      | Found a staircase to the Ecumenical Temple.
  4216 | D:5      | Gained mutation: Your body sometimes deteriorates upon taking damage. [mutagenic meat]
  4218 | D:5      | Gained mutation: Your body often deteriorates upon taking damage. [mutagenic meat]
  4287 | D:5      | XOM: enchant monster (bad)
  4296 | D:5      | XOM: noise
  4328 | D:5      | Reached XP level 8. HP: 61/61 MP: 8/8
  4485 | D:5      | Found Rasawaev's Antique Armour Shop.
  4488 | D:5      | Bought a jasper-encrusted ring mail for 225 gold pieces
  4498 | D:5      | Identified the cursed +0 ring mail of Panentheism {*Corrode rC++ MR+ Dex+3} (You bought it in a shop on level 5 of the Dungeon)
  4623 | D:6      | Found a shattered altar of Ashenzari.
  4686 | D:6      | XOM: harmless Summ miscast
  4771 | D:6      | XOM: summons 1 hostile demon
  4848 | D:6      | XOM: god gift: encrusted granite ring {god gift}
  4882 | D:6      | Reached skill level 5 in Fighting
  4916 | D:6      | XOM: divination: magic mapping
  5118 | D:6      | Found a glowing drain.
  5124 | Sewer    | Entered a sewer
  5140 | Sewer    | XOM: vitrification
  5197 | Sewer    | Noticed Purgy
  5209 | Sewer    | Killed Purgy
  5209 | Sewer    | XOM: divine lightning
  5266 | Sewer    | XOM: 2-stop teleportation journey
  5520 | D:6      | Reached skill level 1 in Armour
  5563 | D:6      | XOM: harmless Erth miscast
  5564 | D:6      | XOM: harmless Fire miscast
  5683 | D:6      | XOM: harmless Necr miscast
  5753 | D:6      | XOM: harmless Conj miscast
  5816 | D:6      | XOM: stat loss: -1 Str (14/15)
  5837 | D:7      | XOM: harmless Air miscast
  5849 | D:7      | XOM: summons friendly iron imp
  6033 | D:7      | Reached XP level 9. HP: 62/68 MP: 9/9
  6141 | D:7      | XOM: scenery: create altars
  6221 | D:7      | XOM: polymorph centaur -> scorpion
  6223 | D:7      | Noticed a harpy
  6223 | D:7      | a wolf changed into a harpy
  6224 | D:7      | Killed a harpy
  6224 | D:7      | Reached skill level 5 in Polearms
  6251 | D:7      | XOM: summons friendly quasit
  6342 | D:7      | XOM: divination: magic mapping
  6407 | D:7      | XOM: scenery: create altars
  6419 | D:7      | XOM: destruction
  6634 | D:7      | Gained mutation: Armour fits poorly on your strangely shaped body. [mutagenic meat]
  6635 | D:7      | Gained mutation: You are resistant to electric shocks. [mutagenic meat]
  7057 | D:8      | XOM: swap monsters
  7192 | D:8      | XOM: god gift: flail {god gift}
  7308 | D:8      | XOM: 2-stop teleportation journey
  7487 | D:8      | Reached XP level 10. HP: 74/76 MP: 10/10
  7563 | D:9      | XOM: harmless Ice miscast
  7634 | D:9      | XOM: blink monster(s)
  7638 | D:9      | XOM: confusion
  7646 | D:9      | XOM: cast spell 'Summon Hydra'
  7661 | D:9      | XOM: scenery: 1 doors open, 1 doors close
  7803 | D:9      | XOM: fake destruction
  7860 | D:9      | XOM: colour smoke trail
  7997 | D:9      | Found Toddiy's Armour Shop.
  7999 | D:9      | Found a staircase to the Orcish Mines.
  8057 | D:9      | XOM: fog
  8085 | D:9      | XOM: colour smoke trail
  8142 | D:9      | XOM: harmless Hex miscast
  8179 | D:9      | Found Vierr's Weapon Shop.
  8180 | D:9      | XOM: cast spell 'Olgreb's Toxic Radiance'
  8309 | D:9      | XOM: fake destruction
  8405 | D:9      | XOM: polymorph yak -> blink frog
  8406 | D:9      | XOM: enchant monster (bad)
  8407 | D:9      | XOM: summons 6 friendly demons
  8413 | D:9      | XOM: summons 1 friendly demon
  8414 | D:9      | XOM: cast spell 'Ice Form'
  8415 | D:9      | XOM: blink monster(s)
  8428 | D:9      | XOM: blink monster(s)
  8433 | D:9      | Gained mutation: You are agile. (Dex +2) [potion of beneficial mutation]
  8444 | D:9      | XOM: enchant monster (good)
  8625 | D:9      | XOM: harmless Hex miscast
  8829 | D:9      | XOM: mild Ice miscast
  8847 | D:10     | Entered Level 10 of the Dungeon
  8855 | D:10     | Noticed a hill giant
  8859 | D:10     | Noticed a hill giant
  9010 | D:9      | XOM: destruction
  9042 | D:10     | Reached skill level 5 in Stealth
  9060 | D:10     | XOM: severe Tloc miscast
  9108 | D:9      | XOM: colour smoke trail
  9154 | D:10     | XOM: blink monster(s)
  9156 | D:10     | XOM: cast spell 'Ice Form'
  9208 | D:10     | Found Unewas's Jewellery Shop.
  9209 | D:10     | XOM: noise
  9222 | D:10     | Killed a hill giant
  9224 | D:10     | Killed a hill giant
  9229 | D:10     | XOM: harmless Divn miscast
  9368 | D:10     | Gained mutation: You have razor-sharp toenails. [demonic ancestry]
  9368 | D:10     | Reached XP level 11. HP: 84/84 MP: 11/11
  9454 | D:10     | XOM: harmless Air miscast
  9455 | D:10     | XOM: mild Divn miscast
  9461 | D:10     | XOM: divination: magic mapping
  9474 | D:10     | Found a staircase to the Lair.
  9480 | D:10     | XOM: confusion
  9514 | D:10     | XOM: 1-stop teleportation journey
  9532 | D:10     | XOM: polymorph howler monkey -> scorpion
  9590 | D:10     | Reached skill level 5 in Armour
  9597 | D:10     | Gained mutation: Your muscles are very strong. (Str +4) [mutagenic meat]
  9600 | D:10     | Lost mutation: You are agile. (Dex +2) [mutagenic meat]
  9779 | D:10     | XOM: 1-stop teleportation journey
  9868 | D:10     | Noticed a harpy
  9868 | D:10     | a troll changed into a harpy
  9868 | D:10     | XOM: polymorph troll -> harpy
  9870 | D:10     | XOM: confusion (+ monsters)
  9872 | D:10     | XOM: cast spell 'Ice Form'
  9876 | D:10     | XOM: divination: magic mapping
  9897 | D:10     | Killed a harpy
 10035 | D:10     | XOM: vitrification
 10061 | D:10     | XOM: fog
 10164 | D:11     | Lost mutation: Your body often deteriorates upon taking damage. [mutagenic meat]
 10165 | D:11     | Gained mutation: Your body often deteriorates upon taking damage. [mutagenic meat]
 10166 | D:11     | Lost mutation: Armour fits poorly on your strangely shaped body. [mutagenic meat]
 10207 | D:11     | Noticed an eight-headed hydra
 10208 | D:11     | Noticed Maurice
 10210 | D:11     | XOM: confuse monster(s)
 10258 | D:11     | Killed Maurice
 10438 | D:11     | XOM: potion effect (might)
 10440 | D:11     | XOM: god gift: ring mail {god gift}
 10494 | D:11     | Noticed a green ugly thing
 10501 | D:11     | Noticed a hell hog
 10501 | D:11     | a green ugly thing changed into a hell hog
 10501 | D:11     | XOM: polymorph green ugly thing -> hell hog
 10504 | D:11     | Killed a hell hog
 10504 | D:11     | Reached skill level 10 in Dodging
 10508 | D:11     | Lost mutation: Your body often deteriorates upon taking damage. [mutagenic meat]
 10594 | D:11     | Noticed a hill giant
 10597 | D:11     | XOM: polymorph sky beast -> steam dragon
 10602 | D:11     | XOM: summons 4 friendly demons
 10607 | D:11     | XOM: enchant monster (bad)
 10610 | D:11     | Killed a hill giant
 10625 | D:11     | Gained mutation: You expend magic power (3 MP) to strengthen your wands. [mutagenic meat]
 10626 | D:11     | Gained mutation: Your body often deteriorates upon taking damage. [mutagenic meat]
 10786 | D:11     | Got a warped trident
 10789 | D:11     | Got a sapphire lajatang
 10790 | D:11     | Identified the +3 trident "Wojim" {pain, +Fly Str+4} (You found it on level 11 of the Dungeon)
 10791 | D:11     | Identified the +7 lajatang of Peril {flame, MP+9 Str+3} (You found it on level 11 of the Dungeon)
 10800 | D:11     | Got a faintly humming robe
 10811 | D:11     | Identified the cursed +0 robe "Jekkyni" {rN+ MR- Regen+ Int+6} (You found it on level 11 of the Dungeon)
 11079 | D:11     | XOM: vitrification
 11150 | D:10     | XOM: vitrification
 11180 | Orc:1    | Entered Level 1 of the Orcish Mines
 11207 | D:9      | XOM: cast spell 'Disjunction'
 11213 | D:9      | XOM: potion effect (haste)
 11316 | Orc:1    | XOM: scenery: create altars
 11317 | Orc:1    | XOM: 1-stop teleportation journey
 11323 | Orc:1    | Reached skill level 1 in Staves
 11465 | Orc:1    | Found a frozen archway.
 11468 | Orc:1    | XOM: divination: magic mapping
 11479 | Orc:1    | XOM: destruction
 11499 | Orc:1    | Noticed an orc knight
 11502 | Orc:1    | an orc knight changed into a jumping spider
 11502 | Orc:1    | XOM: polymorph orc knight -> jumping spider
 11506 | IceCv    | Entered an ice cave
 11506 | IceCv    | XOM: scenery: create altars
 11507 | IceCv    | XOM: enchant monster (good)
 11518 | IceCv    | XOM: confuse monster(s)
 11530 | IceCv    | XOM: fog
 11542 | IceCv    | XOM: god gift: runed scale mail {god gift}
 11626 | IceCv    | Reached skill level 10 in Polearms
 11829 | IceCv    | XOM: god gift: 16 gold pieces
 11892 | IceCv    | Gained mutation: You are agile. (Dex +2) [potion of beneficial mutation]
 11898 | IceCv    | XOM: divination: detect creatures
 11933 | IceCv    | XOM: scenery: create altars
 11940 | IceCv    | Reached XP level 12. HP: 92/92 MP: 12/12
 11943 | IceCv    | XOM: destruction
 11951 | IceCv    | XOM: divination: detect creatures
 11955 | IceCv    | XOM: cast spell 'Call Canine Familiar'
 12077 | IceCv    | XOM: god gift: 10 gold pieces
 12087 | IceCv    | XOM: divination: magic mapping
 12123 | IceCv    | XOM: cast spell 'Shadow Creatures'
 12259 | IceCv    | Noticed a frost giant
 12271 | IceCv    | XOM: fake destruction
 12293 | IceCv    | XOM: summons friendly chaos spawn
 12295 | IceCv    | XOM: scenery: create altars
 12309 | IceCv    | XOM: summons 2 friendly demons
 12320 | IceCv    | XOM: fog
 12327 | IceCv    | XOM: butterfly on damage
 12328 | IceCv    | XOM: swap monsters
 12332 | IceCv    | XOM: swap monsters
 12337 | IceCv    | XOM: potion effect (haste)
 12338 | IceCv    | XOM: mild Erth miscast
 12560 | IceCv    | XOM: divination: magic mapping
 12569 | IceCv    | XOM: butterfly on damage
 12917 | Orc:1    | XOM: mild Divn miscast
 12933 | Orc:2    | Entered Level 2 of the Orcish Mines
 12943 | Orc:2    | Noticed an orc warlord
 12950 | Orc:2    | Noticed an orc high priest
 12951 | Orc:2    | an orc high priest changed into a shining eye
 12951 | Orc:2    | XOM: polymorph orc high priest -> shining eye
 12953 | Orc:2    | Gained mutation: You occasionally shout uncontrollably at your foes. [a shining eye]
 12954 | Orc:2    | XOM: enchant monster (good)
 12989 | Orc:1    | XOM: fog
 12990 | Orc:1    | XOM: divination: detect creatures
 12998 | Orc:1    | Killed an orc warlord
 13017 | Orc:1    | XOM: vitrification
 13101 | Orc:1    | XOM: mild Hex miscast
 13180 | Orc:2    | XOM: divine lightning (protected)
 13186 | Orc:2    | XOM: fog
 13205 | Orc:2    | Found Tivuleok's General Store.
 13209 | Orc:2    | XOM: confusion
 13215 | Orc:2    | XOM: fake destruction
 13228 | Orc:2    | XOM: 1-stop teleportation journey
 13257 | Orc:2    | Reached skill level 5 in Staves
 13262 | Orc:2    | XOM: mild Summ miscast
 13318 | Orc:2    | XOM: give mutation
 13318 | Orc:2    | Gained mutation: You have sharp fingernails. [Xom's grace]
 13319 | Orc:2    | Noticed an orc high priest
 13320 | Orc:2    | XOM: summons 12 friendly demons
 13326 | Orc:2    | Killed an orc high priest
 13345 | Orc:2    | Found Meud's Antique Armour Shoppe.
 13347 | Orc:2    | XOM: noise
 13350 | Orc:2    | Noticed an orc high priest
 13352 | Orc:2    | XOM: polymorph orc warrior -> ice beast
 13354 | Orc:2    | XOM: god gift: 18 bolts
 13361 | Orc:2    | XOM: mild Ice miscast
 13367 | Orc:2    | Killed an orc high priest
 13425 | Orc:2    | XOM: harmless Necr miscast
 13429 | Orc:2    | Found Estrawk's Antique Weapon Emporium.
 13453 | Orc:2    | Bought a crystal glaive for 379 gold pieces
 13504 | Orc:2    | XOM: severe Chrm miscast
 13588 | Orc:2    | XOM: harmless Necr miscast
 13615 | Orc:2    | Identified the cursed +0 glaive of Outrage {vamp, rElec rN+++ Str+2 Dex-2} (You bought it in a shop on level 2 of the Orcish Mines)
 13637 | Orc:2    | Found a staircase to the Elven Halls.
 13649 | Orc:2    | XOM: summons 4 hostile shadow creatures
 13686 | Orc:2    | XOM: give mutation
 13686 | Orc:2    | Gained mutation: You are very dopey. (Int -4) [Xom's mischief]
 13699 | Orc:2    | XOM: confusion
 13749 | Orc:2    | XOM: harmless Fire miscast
 13789 | Orc:2    | Found Upuricogy's Book Shop.
 13815 | Orc:2    | XOM: fog
 13819 | Orc:2    | XOM: chaos upgrade
 13823 | Orc:2    | XOM: chaos cloud
 13824 | Orc:2    | XOM: silly message
 13828 | Orc:2    | XOM: give mutations
 13828 | Orc:2    | Lost mutation: You expend magic power (3 MP) to strengthen your wands. [Xom's mischief]
 13828 | Orc:2    | Lost mutation: Your system is resistant to poisons. [Xom's mischief]
 13828 | Orc:2    | Gained mutation: You can translocate small distances at will. [Xom's mischief]
 13828 | Orc:2    | Lost mutation: You are agile. (Dex +2) [Xom's mischief]
 13830 | Orc:2    | XOM: mild Conj miscast
 13836 | Orc:2    | Gained mutation: You are mostly covered in rough black scales (AC +7, Dex -2). [demonic ancestry]
 13836 | Orc:2    | Reached XP level 13. HP: 18/101 MP: 13/13
 13888 | Orc:2    | XOM: harmless Tloc miscast
 13940 | Orc:2    | Bought a scroll of teleportation for 39 gold pieces
 13940 | Orc:2    | Bought a potion of heal wounds for 65 gold pieces
 13947 | Orc:2    | Noticed an orc warlord
 13970 | Orc:2    | XOM: summons 4 hostile demons
 14025 | Orc:2    | XOM: give mutation
 14025 | Orc:2    | Lost mutation: You are resistant to hostile enchantments. [Xom's mischief]
 14100 | Orc:2    | XOM: summons 3 hostile shadow creatures
 14133 | Orc:2    | XOM: polymorph orc warrior -> ice beast
 14136 | Orc:2    | XOM: potion effect (curing)
 14243 | Orc:1    | XOM: mild Necr miscast
 14645 | Orc:1    | XOM: medium Chrm miscast
 14697 | D:9      | XOM: god gift: 3 tomahawks of returning
 14803 | D:4      | Bought a scroll of magic mapping for 42 gold pieces
 14803 | D:4      | Bought a scroll of blinking for 90 gold pieces
 14803 | D:4      | Bought a scroll of fear for 42 gold pieces
 14803 | D:4      | Bought a scroll of teleportation for 36 gold pieces
 14803 | D:4      | Bought a scroll of teleportation for 36 gold pieces
 14803 | D:4      | Bought a scroll of enchant armour for 90 gold pieces
 14812 | D:4      | XOM: divination: magic mapping
 15262 | D:12     | XOM: enchant monster (good)
 15271 | D:12     | XOM: divination: detect items
 15341 | D:12     | XOM: polymorph deep elf mage -> fire crab
 15349 | D:12     | Lost intelligence.
 15353 | D:12     | HP: 3/101 [fire crab (11)]
 15361 | D:12     | Killed from afar by a fire crab

Skill      XL: |  1  2  3  4  5  6  7  8  9 10 11 12 13 |
---------------+----------------------------------------+-----
Stealth        | 2 3 4 5 6 |  6.0
Maces & Flails | 1 2 |  2.9
Dodging        | 3 4 5 6 7 8 9 10 | 10.8
Fighting       | 4 5 6 7 8 9 |  9.5
Polearms       | 1 2 4 6 8 10 | 10.8
Armour         | 2 3 4 5 7 |  7.4
Staves         | 2 5 6 |  6.2
Unarmed Combat | |  3.9

Action                   |  1- 3 |  4- 6 |  7- 9 | 10-12 | 13-15 || total
-------------------------+-------+-------+-------+-------+-------++-------
Melee: Unarmed           |    37 |       |       |    37 |       ||    74
       Whip              |    78 |   141 |       |       |       ||   219
       Punch             |     2 |     2 |       |       |       ||     4
       Kick              |       |    26 |   149 |   321 |    31 ||   527
       Scythe            |       |    15 |   414 |   351 |       ||   780
       Lajatang          |       |       |       |   385 |   108 ||   493
       Glaive            |       |       |       |    48 |       ||    48
  Use: Potion            |       |     6 |     3 |    10 |     1 ||    20
       Scroll            |       |    10 |     6 |    11 |    10 ||    37
 Stab: Sleeping          |     9 |     3 |     3 |     4 |       ||    19
       Distracted        |       |       |     2 |     4 |       ||     6
       Confused          |       |       |       |     6 |       ||     6
  Eat: Meat ration       |     1 |     1 |     5 |     2 |       ||     9
       Chunk             |       |       |    10 |    10 |       ||    20
       Bread ration      |       |       |     2 |     2 |     1 ||     5
       Royal jelly       |       |       |     1 |     3 |       ||     4
       Beef jerky        |       |       |       |     2 |       ||     2
       Pizza             |       |       |       |     1 |       ||     1
Armor: Robe              |    17 |    23 |    70 |       |       ||   110
       Ring mail         |       |       |   141 |   187 |       ||   328
       Skin              |       |       |       |     9 |       ||     9
       Scale mail        |       |       |       |    48 |       ||    48
       Plate armour      |       |       |       |   146 |   122 ||   268
Dodge: Dodged            |    72 |   125 |   571 |  1017 |    74 ||  1859
